Map: Prion Terraces

Players

허리케인최

  • Race: Terran Terran
  • League: Diamond

ILLBdA - Winner!

  • Race: Protoss Protoss
  • League: Diamond

VOD

Have the link to the VOD?

Description

Time

  • Played on: Dec. 15, 2015, 11:38 p.m.
  • Length: 7:38
Show
View Real Time Build Order
Export as new Build Order

허리케인최 Terran 

Build Orders: Cyclone Opening 

Get SALT Encoding   

  13  0:11  Supply Depot  
  12  0:14  SCV  
  14  0:31  Refinery  
  13  0:37  Barracks  
  13  0:40  SCV  
  14  0:52  SCV  
  16  1:04  SCV  
  16  1:11  Refinery  
  16  1:16  SCV  
  16  1:17  Supply Depot  
  17  1:32  Reaper  
  18  1:34  Orbital Command  
  18  1:52  Factory  
  18  1:57  Supply Depot  
  18  2:02  SCV  
  18  2:04  Barracks Tech Lab  
  19  2:14  SCV  
  20  2:26  SCV  
  21  2:30  Barracks Reactor  
  21  2:38  SCV  
  22  2:44  Cyclone  
  22  2:47  Mag-Field Accelerator  
  25  2:56  Supply Depot  
  25  3:07  Marine x2  
  25  3:10  Supply Depot  
  27  3:17  SCV  
  27  3:18  Supply Depot  
  27  3:27  Supply Depot  
  27  3:29  Supply Depot  
  27  3:39  Cyclone  
  27  3:41  SCV  
  31  3:44  Marine  
  31  3:45  Marine  
  33  4:00  SCV  
  34  4:17  SCV  
  34  4:19  Cyclone  
  34  4:23  Marine  
  39  4:52  Command Center  
  39  5:02  Siege Tank  
  39  5:03  Marine x2  
  44  5:24  Marine x2  
  46  5:30  Command Center  
  46  5:34  Siege Tank  
  45  5:54  Marine x2  
  41  6:06  SCV  
  28  6:19  SCV  
  27  6:31  SCV, Marine  
  27  6:32  Siege Tank, Marine  
  31  6:43  SCV  
  31  6:49  Marine  
  31  6:52  Marine  
  31  6:54  Orbital Command  
  30  6:55  SCV  
  31  7:07  SCV, Marine  
  33  7:10  Marine  
  31  7:19  SCV  
Show
View Real Time Build Order
Export as new Build Order

ILLBdA Protoss - Winner!

Build Orders:  

Get SALT Encoding   

  12  0:10  Pylon  
  12  0:13  Probe (Chrono Boost)  
  13  0:23  Probe (Chrono Boost)  
  14  0:34  Probe (Chrono Boost)  
  14  0:35  Gateway  
  15  0:44  Probe (Chrono Boost)  
  15  0:45  Assimilator  
  16  0:55  Probe (Chrono Boost)  
  16  0:56  Assimilator  
  17  1:05  Probe (Chrono Boost)  
  18  1:16  Probe (Chrono Boost)  
  19  1:22  Cybernetics Core  
  19  1:26  Probe (Chrono Boost)  
  22  1:35  Pylon  
  21  1:57  Adept (Chrono Boost)  
  21  1:59  Warp Gate  
  21  2:00  Mothership Core  
  24  2:06  Pylon  
  24  2:12  Robotics Facility  
  24  2:26  Gateway  
  24  2:41  Adept (Chrono Boost)  
  26  2:50  Pylon  
  26  2:51  Pylon  
  26  2:57  Pylon  
  26  3:25  Warp Prism  
  26  3:44  Gateway  
  26  4:01  Immortal (Chrono Boost)  
  28  4:20  Pylon  
  28  4:36  Sentry x2  
  36  4:38  Immortal (Chrono Boost)  
  36  4:41  Adept  
  38  5:00  Sentry x2  
  42  5:07  Pylon  
  42  5:12  Immortal (Chrono Boost)  
  46  5:19  Pylon  
  46  5:28  Sentry x3  
  47  5:51  Immortal (Chrono Boost)  
  37  6:24  Zealot x3  
  37  6:25  Observer (Chrono Boost)  
  38  6:52  Immortal (Chrono Boost)  
  42  6:56  Sentry x2  
  46  7:08  Adept  
  42  7:28  Sentry, Zealot x2  
Tags
 
Add a new tag
Caveats
  • Supply blocks, unpowered buildings, or Contaminate may cause inaccurate times.
  • Supply counts are checked every 10 seconds.